 Dungeon Crawl Stone Soup version 0.31-a0-198-g2ad674f65e (webtiles) character file.

Game seed: 1027627667461624621

67 Gorgondantess the Trooper (level 3, -1/35 HPs)
             Began as an Armataur Warper on June 25, 2023.
             Slain by Terence
             ... wielding a +0 flail
              (5 damage)
             ... on level 2 of the Dungeon.
             The game lasted 00:03:12 (1452 turns).

Gorgondantess the Trooper (Armataur Warper)         Turns: 1452, Time: 00:03:13

Health: -1/35      AC:  4    Str: 16    XL:     3   Next: 98%
Magic:  5/5        EV:  9    Int: 21    God:
Gold:   37         SH:  0    Dex:  9    Spells: 3/5 levels left

rFire   . . .        a - +0 mace
rCold   . . .        (no shield)
rNeg    . . .        b - +0 leather armour
rPois   .            (no helmet)
rElec   .            (no cloak)
rCorr   .            (no gloves)
SInv    .            (no barding)
Will    .....        (no amulet)
Stlth   +            k - +6 ring of intelligence
HPRegen 0.25/turn    (no ring)
MPRegen 0.09/turn

%: roll
@: mighty, attractive
A: large, rugged brown scales 3, deformed body, armoured tail, roll, long
tongue, awkward tongue
a: no special abilities


You were on level 2 of the Dungeon.
You visited 1 branch of the dungeon, and saw 2 of its levels.

You collected 37 gold pieces.

Inventory:

Hand Weapons
 a - a +0 mace (weapon)
Missiles
 d - 7 boomerangs of dispersal (quivered)
Armour
 b - a +0 leather armour (worn)
Jewellery
 k - a +6 ring of intelligence (left hand)
Scrolls
 c - a scroll of blinking
 f - a scroll of teleportation {unknown}
 g - a scroll of revelation {unknown}
 h - a scroll of immolation {unknown}
 j - a scroll of poison {unknown}
 m - 2 scrolls of identify {unknown}
Potions
 i - a potion of might


   Skills:
 + Level 3.9 Fighting
 - Level 1.7 Maces & Flails
 - Level 0.8 Throwing
 - Level 1.2 Armour
 - Level 1.3 Dodging
 - Level 1.7 Spellcasting
 - Level 3.0 Translocations


You had 3 spell levels left.
You knew the following spells:

 Your Spells              Type           Power      Damage    Failure   Level
a - Blink                 Tloc           28%        N/A       9%          2

Your spell library contained the following spells:

 Spells                   Type           Power      Damage    Failure   Level
 Lesser Beckoning         Tloc           28%        N/A       9%          2
 Teleport Other           Tloc           14%        N/A       16%         3
 Vhi's Electric Charge    Tloc/Air       16%        N/A       30%         3
 Ignite Poison            Fire/Tmut/Pois 1%         N/A       50%         3
 Manifold Assault         Tloc           14%        N/A       47%         4
 Sticky Flame             Conj/Fire      1%         2d3       88%         4
 Ignition                 Fire           0%         3d3       100%        8


Dungeon Overview and Level Annotations

Branches:
Dungeon (2/15)

Altars:

Annotations:
D:2 Terence


Innate Abilities, Weirdness & Mutations

You are completely covered in rugged brown scales. (AC +3, +7% HP)
Armour fits poorly on your strangely shaped body.
You have a long armoured tail.
You roll when moving toward enemies. (Rampage)
Your long tongue fully drains potion bottles. (2x potion effects)
Your tongue gives you trouble enunciating. (1.5x scroll delay)


Message History

Press: ? - help, Shift-Dir - straight line, f/p - Terence
Aim: Terence, wielding a +0 flail and wearing a +0 scale mail (poisoned, 58% to hit)
You throw a poisoned dart. The poisoned dart hits Terence.
You barely miss Terence.
Terence is lightly wounded.
Terence hits you with a +0 flail.
You hit Terence but do no damage.
Terence is lightly wounded.
Terence hits you with a +0 flail!
You barely miss Terence.
Terence is lightly wounded.
Terence looks more healthy.
Terence hits you with a +0 flail. Terence hits you but does no damage.
You sock Terence!
Terence is heavily wounded.
Terence closely misses you.
You barely miss Terence.
Your tail-slap misses Terence.
Terence is heavily wounded.
Terence hits you but does no damage.
You sock Terence!
Terence is almost dead.
Terence completely misses you. Terence hits you with a +0 flail!
* * * LOW HITPOINT WARNING * * *
You closely miss Terence.
Terence is almost dead.
Terence hits you with a +0 flail.
* * * LOW HITPOINT WARNING * * *
You barely miss Terence.
Terence is almost dead.
Terence hits you with a +0 flail.
* * * LOW HITPOINT WARNING * * *
It was a potion of attraction.
You feel attractive to monsters.
You slurp down every last drop of the potion of attraction!
Terence hits you but does no damage.
It was a potion of might.
You feel very mighty all of a sudden.
You slurp down every last drop of the potion of might!
Terence hits you with a +0 flail.
You die...

##### ...# #. #.### ##...##...##
(...((@@...#############
....##.###.............. ....#..
#.##.........# ......
.#.##.........#
##########.#.........#.........#
#......>...#...................#
#.†<.......#........##.........#
#.........###..................##
#...@......## .......#[....[....#


You could see Terence.

Vanquished Creatures
  An adder (D:2)
  2 worms (D:1)
  3 dart slugs
  4 ball pythons
  6 endoplasms
  A giant cockroach (D:1)
  2 goblins
  3 hobgoblins
  3 jackals (D:1)
  3 kobolds (D:1)
  3 quokkas
  5 bats (D:1)
  3 frilled lizards
  4 rats (D:1)
43 creatures vanquished.

Notes
Turn   | Place    | Note
-------+----------+-------------------------------------------
     0 | D:1      | Gorgondantess the Armataur Warper began the quest for the
                  | Orb.
     0 | D:1      | Reached XP level 1. HP: 18/18 MP: 3/3
   112 | D:1      | Reached XP level 2. HP: 25/26 MP: 4/4
   115 | D:1      | Learned a level 2 spell: Blink
   487 | D:1      | Reached XP level 3. HP: 33/33 MP: 5/5
  1126 | D:2      | Noticed Terence
  1452 | D:2      | Slain by Terence

Illustrated notes

Levels and vault maps discovered:
D:1:      lightli_arrival_boilingwater, layout_basic
D:2:      layout_rooms, uniq_terence

Skill      XL: |  1  2 |
---------------+-------+-----
Fighting       | 2 3 |  3.9
Maces & Flails | |  1.7
Throwing       | |  0.8
Armour         | |  1.2
Dodging        | |  1.3
Spellcasting   | |  1.7
Translocations | |  3.0

Action                     || total
---------------------------++-------
  Melee: Mace              ||   139
         Tailslap          ||    12
  Throw: Dart              ||     4
    Use: Potion            ||     2
   Stab: Sleeping          ||     1
 Armour: Leather armour    ||    64
  Dodge: Dodged            ||    62

Table legend: (Time is in decaauts)
 A = Elapsed time spent in this place.
 B = Non-inter-level travel time spent in this place.
 C = Inter-level travel time spent in this place.
 D = Time resting spent in this place.
 E = Time spent auto-exploring this place.
 F = Levels seen in this place.
 G = Mean time per level.
                   A        B        C        D        E       F      G
               +--------+--------+--------+--------+--------+-----+--------+
         Total |   1497 |   1417 |     80 |    176 |    871 |   2 |  748.5 |
       Dungeon |   1497 |   1417 |     80 |    176 |    871 |   2 |  748.5 |
               +--------+--------+--------+--------+--------+-----+--------+

Top non-repeatable levels by time:
     D:1: 1181 daAuts
     D:2: 316 daAuts
